 Dungeon Crawl Stone Soup version 0.21-a0-529-g8c7b3f5 (webtiles) character file.

567 slep the Chopper (level 7, -3/37 HPs)
             Began as a Vine Stalker Fighter on Dec 11, 2017.
             Slain by a wyvern (9 damage)
             ... on level 8 of the Dungeon.
             The game lasted 00:11:42 (2103 turns).

slep the Chopper (Vine Stalker Fighter)             Turns: 2103, Time: 00:11:43

Health: -3/37      AC:  8    Str: 24    XL:     7   Next: 33%
Magic:  0/8        EV:  8    Int:  8    God:
Gold:   222        SH: 10    Dex: 20    Spells: 6/6 levels left

rFire    . . .     SeeInvis .   a - +0 war axe
rCold    . . .     Gourm    .   c - +0 shield
rNeg     . . .     Faith    .   b - +0 scale mail
rPois    +         Spirit   +   (no helmet)
rElec    .         Reflect  .   r - +0 cloak
rCorr    .         Harm     .   (no gloves)
MR       .....                  (no boots)
Stlth    ..........             (no amulet)
HPRegen  0.52/turn              A - ring of poison resistance
MPRegen  0.11/turn              F - +5 ring of dexterity

@: mighty
A: fangs 2, regeneration 1, magic shield, antimagic bite, no potion heal 3, rot
immunity
a: no special abilities


You were on level 8 of the Dungeon.
You were hungry.

You visited 1 branch of the dungeon, and saw 6 of its levels.

You collected 222 gold pieces.

Inventory:

Hand Weapons
 a - a +0 war axe (weapon)
 i - a +0 spear of freezing
 y - a +0 flail of crushing
 C - a +2 hand axe of draining
Missiles
 v - 3 throwing nets (quivered)
Armour
 b - a +0 scale mail (worn)
 c - a +0 shield (worn)
 r - a +0 cloak (worn)
Jewellery
 l - an uncursed ring of wizardry
 m - an uncursed ring of protection from cold
 A - a ring of poison resistance (left hand)
 F - a +5 ring of dexterity (right hand)
 G - an uncursed amulet of faith {unknown}
Wands
 t - a wand of digging (14)
 B - a wand of iceblast (9)
Scrolls
 g - 3 scrolls of teleportation {unknown}
 h - 7 scrolls of identify {unknown}
 n - 2 scrolls of blinking {unknown}
 o - a scroll of enchant armour {unknown}
 p - a scroll of amnesia {unknown}
 u - 3 scrolls of immolation {unknown}
 w - a scroll of magic mapping {unknown}
 D - a scroll of remove curse {unknown}
Potions
 e - a potion of flight {unknown}
 j - 2 potions of haste {unknown}
 s - 2 potions of lignification {unknown}
 x - 2 potions of curing {unknown}
 z - 3 potions of degeneration {unknown}
 E - a potion of cancellation {unknown}
Comestibles
 f - 4 bread rations
 k - 5 meat rations
 q - a fruit


   Skills:
 + Level 4.0 Fighting
 + Level 4.6 Axes
 + Level 3.5 Armour
 + Level 1.6 Dodging
 + Level 3.7 Shields


You had 6 spell levels left.
You didn't know any spells.

Dungeon Overview and Level Annotations

Branches:
Dungeon (5/15)
 Temple: D:4-7

Altars:
Dithmenos

Annotations:
D:4 Rocko1345's ghost, novice GnMo


Innate Abilities, Weirdness & Mutations

You have extremely sharp teeth.
Your natural rate of healing is unusually fast.
When hurt, damage is shared between your health and your magic reserves.
Your bite disrupts and absorbs the magic of your enemies.
Potions cannot restore your health.
You are immune to rotting.


Message History

Your shield and scale mail prevent you from hitting the bullfrog zombie.
The black bear growls angrily.
The bullfrog zombie completely misses you.
The wyvern bites you!
* * * LOW HITPOINT WARNING * * *
The bullfrog zombie hits you.
* * * LOW HITPOINT WARNING * * *
You block the wyvern's attack.
You slash the wyvern! Your bite misses the wyvern.
The wyvern is almost dead.
You slash the bullfrog zombie!
You destroy the bullfrog zombie!
The wyvern misses you. The wyvern barely misses you.
The howler monkey hoots and howls with incredible vigour!
You hear a loud, deep croak!
Your shield and scale mail prevent you from hitting the wyvern.
Your bite misses the wyvern.
The wyvern is almost dead.
You barely miss the howler monkey. The wyvern bites you!
You die...

♣......#
♣♣...Z..#
♣♣P......####.
#.............
#.............
#..###........
#..# ##.......
##h## .......
#@.# ..#....
##l# ..###♣≈
h# ..# .. ...
#.. ..# .## ##


You could see a black bear, a wyvern and a howler monkey.

Vanquished Creatures
  A black bear (D:8)
  A centaur (D:5)
  A bullfrog zombie (D:8)
  2 orc priests (D:3)
  Jessica (D:2)
  An iguana (D:5)
  An orc wizard (D:3)
  A worker ant (D:4)
  7 adders
  An ooze (D:1)
  An adder zombie (D:5)
  4 worms
  7 leopard geckos
  19 orcs
  2 ball pythons
  5 bats
  3 giant cockroaches
  7 goblins
  6 hobgoblins
  13 jackals
  7 kobolds
  4 quokkas
  8 frilled lizards
  8 rats
111 creatures vanquished.

Notes
Turn   | Place    | Note
-------+----------+-------------------------------------------
     0 | D:1      | slep the Vine Stalker Fighter began the quest for the Orb.
     0 | D:1      | Reached XP level 1. HP: 11/11 MP: 2/2
    66 | D:1      | Reached XP level 2. HP: 7/16 MP: 3/3
   257 | D:1      | Reached XP level 3. HP: 8/19 MP: 1/4
   699 | D:2      | Gained mutation: Your natural rate of healing is unusually fast. [Vine Stalker growth]
   699 | D:2      | Reached XP level 4. HP: 24/24 MP: 5/5
   730 | D:2      | Noticed Jessica
   755 | D:2      | Killed Jessica
   756 | D:2      | Reached XP level 5. HP: 25/28 MP: 4/6
  1171 | D:3      | Reached skill level 1 in Dodging
  1227 | D:3      | Reached XP level 6. HP: 33/33 MP: 7/7
  1571 | D:4      | Found a shadowy altar of Dithmenos.
  1724 | D:4      | Noticed Rocko1345's ghost (novice GnMo)
  1729 | D:5      | Entered Level 5 of the Dungeon
  1869 | D:5      | Reached XP level 7. HP: 35/37 MP: 8/8
  2080 | D:5      | You fall through a shaft for 3 floors!
  2093 | D:8      | Noticed a wyvern
  2103 | D:8      | Slain by a wyvern

Vault maps used:
D:1:      minmay_arrival_five_plusses
D:2:      uniq_jessica
D:3:      cheibrodos_helix_gallery, st_stairs_4, kennysheep_nondescript
D:4:      cheibrodos_fertilizer, serial_shops, nicolae_shop_crystal,
          first_bread, grunt_dithmenos_smoke_and_mirrors, uniq_sigmund
D:5:      minmay_temple_entry_grid
D:8:      kennysheep_town

Skill      XL: |  1  2  3  4  5  6  7 |
---------------+----------------------+-----
Shields        | 3 |  3.7
Axes           | 2 3 4 |  4.6
Fighting       | 3 4 |  4.0
Armour         | 3 |  3.5
Dodging        | 1 |  1.6

Action                   |  1- 3 |  4- 6 |  7- 9 || total
-------------------------+-------+-------+-------++-------
Melee: War axe           |    78 |   178 |    25 ||   281
       Bite              |    19 |    52 |     8 ||    79
  Use: Potion            |       |       |     1 ||     1
  Eat: Chunk             |       |     4 |       ||     4
Armor: Scale mail        |    42 |    92 |     7 ||   141
Dodge: Dodged            |    32 |    64 |    12 ||   108
Block: Shield            |    43 |    96 |    21 ||   160

Table legend:
 A = Spawn XP
 B = Non-spawn XP
 C = Spawn XP percentage of total XP
 D = Spawn monster count
 E = Non-spawn monster count
 F = Spawn count percentage of total count
 G = Total turns spent on level
                    A         B        C        D         E        F      G
               +---------+---------+-------+---------+---------+-------+---------
         Total |       0 |     811 |   0.0 |       0 |     111 |   0.0 |  2103
               +---------+---------+-------+---------+---------+-------+---------
           D:1 |       0 |      54 |   0.0 |       0 |      26 |   0.0 |   617
           D:2 |       0 |     146 |   0.0 |       0 |      26 |   0.0 |   463
           D:3 |       0 |     215 |   0.0 |       0 |      42 |   0.0 |   491
           D:4 |       0 |      59 |   0.0 |       0 |       6 |   0.0 |   158
           D:5 |       0 |     164 |   0.0 |       0 |       9 |   0.0 |   351
           D:8 |       0 |     173 |   0.0 |       0 |       2 |   0.0 |    23
               +---------+---------+-------+---------+---------+-------+---------
